 Dungeon Crawl Stone Soup version 0.27-a0-1182-gee19b5822f (webtiles) character file.

Game seed: 12329208059714997129

6934 Froggeryz the Grappler (level 11, -1/99 HPs)
             Began as a Ghoul Delver on May 18, 2021.
             Was a Priest of Okawaru.
             Shot with an arrow by a centaur warrior (14 damage)
             ... on level 11 of the Dungeon.
             The game lasted 00:13:46 (9725 turns).

Froggeryz the Grappler (Ghoul Delver)               Turns: 9725, Time: 00:13:47

Health: -1/99      AC: 14    Str: 20    XL:     11   Next: 7%
Magic:  0/10       EV: 12    Int:  5    God:    Okawaru [***...]
Gold:   534        SH:  0    Dex: 16    Spells: 10/10 levels left

rFire    . . .     SeeInvis .     - Unarmed
rCold    + + .     Faith    .   (no shield)
rNeg     + + +     Spirit   +   h - +3 ring mail {rC+}
rPois    ∞         Reflect  .   e - +0 helmet
rElec    .         Harm     .   u - +0 cloak
rCorr    .         Rampage  .   (no gloves)
Will     .....                  (no boots)
Stlth    ++........             A - amulet of guardian spirit
HPRegen  0.00/turn              m - +4 ring of protection
MPRegen  0.12/turn              n - +6 ring of dexterity

@: no status effects
A: claws 1, cold resistance 1, negative energy resistance 3, inhibited
regeneration, torment resistance 2
a: Renounce Religion, Heroism


You were on level 11 of the Dungeon.
You worshipped Okawaru.
Okawaru was most pleased with you.
You visited 2 branches of the dungeon, and saw 12 of its levels.

You collected 576 gold pieces.
You spent 42 gold pieces at shops.

Inventory:

Missiles
 i - 38 poisoned darts (quivered)
 l - 9 javelins
 s - a throwing net
 E - 3 curare-tipped darts
 F - 7 silver javelins
Armour
 e - a +0 helmet (worn)
 h - a +3 ring mail of cold resistance (worn)
 u - a +0 cloak (worn)
Jewellery
 g - a ring of ice
 m - a +4 ring of protection (left claw)
 n - a +6 ring of dexterity (right claw)
 A - an amulet of guardian spirit (around neck)
Wands
 f - a wand of digging (3)
 D - a wand of iceblast (4)
Scrolls
 b - 3 scrolls of fog
 c - 3 scrolls of magic mapping
 k - 3 scrolls of immolation
 q - 3 scrolls of identify
 r - 3 scrolls of amnesia
 t - a scroll of blinking
 w - 2 scrolls of teleportation
Potions
 a - 2 potions of lignification {unknown}
 d - 4 potions of curing
 j - a potion of ambrosia
 p - 2 potions of might {unknown}
 v - a potion of haste
 x - 3 potions of flight {unknown}
 z - a potion of brilliance {unknown}
 C - a potion of attraction {unknown}
 G - a potion of degeneration {unknown}
Miscellaneous
 y - a condenser vane


   Skills:
 + Level 9.7 Fighting
 - Level 2.0 Armour
 + Level 3.5 Dodging
 - Level 5.4 Stealth
 * Level 14.4 Unarmed Combat


You had 10 spell levels left.
You didn't know any spells.
Your spell library contained the following spells:

 Spells                   Type           Power      Damage    Failure   Level
 Apportation              Tloc           0%         N/A       65%         1
 Magic Dart               Conj           0%         1d3       65%         1
 Blink                    Tloc           N/A        N/A       80%         2
 Call Imp                 Summ           0%         N/A       80%         2
 Slow                     Hex            0%         N/A       80%         2
 Conjure Flame            Conj/Fire      0%         6-21      95%         3
 Lesser Beckoning         Tloc           0%         N/A       95%         3
 Mephitic Cloud           Conj/Pois/Air  0%         N/A       95%         3
 Tukima's Dance           Hex            0%         N/A       95%         3
 Alistair's Intoxication  Tmut/Pois      0%         N/A       100%        5
 Invisibility             Hex            0%         N/A       100%        6


Dungeon Overview and Level Annotations

Branches:
Dungeon (11/15)            Temple (1/1) D:6
   Lair: D:8-11         Orc: D:9-12

Altars:
Ashenzari
Cheibriados
Dithmenos
Elyvilon
Fedhas
Gozag
Hepliaklqana
Kikubaaqudgha
Makhleb
Nemelex Xobeh
Okawaru
Qazlal
Ru
Sif Muna
Trog
Uskayaw
Vehumet
Wu Jian
Xom
Yredelemnul
Zin
The Shining One

Shops:
D:9 [   D:11 *

Annotations:
D:8 exclusion: 2 doors


Innate Abilities, Weirdness & Mutations

You thrive by killing the living.
You are immune to poison.
You have sharp fingernails.
Your flesh is cold resistant. (rC+)
You are immune to negative energy. (rN+++)
You do not regenerate when monsters are visible.
You are immune to unholy pain and torment.


Message History

* * * LOW HITPOINT WARNING * * *
The sixfirhy hits you but does no damage.
The soul eater barely misses you.
The kobold demonologist mumbles some strange words.
You barely miss the kobold demonologist.
The soul eater closely misses you.
You mangle the kobold demonologist!! You claw the kobold demonologist!
The kobold demonologist is almost dead.
The centaur wields a +0 shortbow of flaming.
It bursts into flame!
The centaur shoots an arrow.
The arrow hits you!
* * * LOW HITPOINT WARNING * * *
The arrow burns you.
* * * LOW HITPOINT WARNING * * *
The kobold demonologist hits you but does no damage.
The crimson imp blinks!
The soul eater hits you but does no damage.
You scratch the kobold demonologist.
You kill the kobold demonologist!
Okawaru accepts your kill.
The crimson imp disappears in a puff of smoke!
The soul eater disappears in a puff of smoke!
The sixfirhy disappears in a puff of smoke!
The shadow imp disappears in a puff of smoke! x2
The centaur shoots an arrow.
The arrow hits you.
* * * LOW HITPOINT WARNING * * *
The arrow burns you.
* * * LOW HITPOINT WARNING * * *
You feel much better.
The centaur shoots an arrow.
The arrow hits you!
* * * LOW HITPOINT WARNING * * *
The arrow burns you.
* * * LOW HITPOINT WARNING * * *
The centaur shoots an arrow.
The arrow closely misses you.
The centaur unwields a +0 shortbow of flaming.
It stops flaming.
The centaur barely misses you.
The centaur kicks you but does no damage.
You mangle the centaur!!
You kill the centaur!
Okawaru accepts your kill.
The centaur warrior shoots an arrow.
The arrow hits you!
You die...

.#######..............≈≈
..#####........#.....≈≈§§
...###........###...§§§≈§§
....#........#####..§≈≈≈≈≈
............#######.§§§S≈.
..)|.........#####........
..#.#.........###..§.§....
...∩...........#..........
..#.#..........)@).)...K..
..........................
#.......>.................
........................>.
..........................
...............#..........
..............###..c......
.............#####........
............#######...≈≈≈.


You could see a centaur warrior, a kobold brigand and a lava snake.

Vanquished Creatures
  A two-headed ogre (D:9)
  Sonja (D:10)
  Maurice (D:10)
  A kobold demonologist (D:11)
  2 trolls
  A hornet (D:10)
  2 dream sheep (D:8)
  3 wyverns
  Eustachio (D:6)
  2 acid dragons
  4 ice beasts
  2 orc warriors (D:10)
  4 sky beasts (D:7)
  2 centaurs
  4 phantoms
  An ogre (D:6)
  3 kobold brigands
  3 bullfrogs
  A gnoll sergeant (D:6)
  A scorpion (D:6)
  2 water moccasin skeletons
  A wight (D:6)
  A howler monkey (D:10)
  3 centaur zombies
  3 centaur skeletons
  4 hounds
  4 orc priests
  A jelly (D:4)
  2 iguanas (D:6)
  5 orc wizards
  2 killer bee zombies
  Robin (D:3)
  13 gnolls
  2 howler monkey skeletons
  7 adders
  An adder skeleton (D:3)
  2 dart slugs
  36 orcs
  5 ball pythons (D:1)
  5 endoplasms
  8 hobgoblins
  5 jackals
  11 kobolds
  3 quokkas
  2 frilled lizards
  13 goblins
  4 rats
186 creatures vanquished.

Vanquished Creatures (others)
  A scorpion (D:6)
  A water moccasin skeleton (D:6)
  2 howler monkeys (D:6)
  3 orcs (D:6)
  4 toadstools (D:1)
11 creatures vanquished.

Grand Total: 197 creatures vanquished

Notes
Turn   | Place    | Note
-------+----------+-------------------------------------------
     0 | D:5      | Froggeryz the Ghoul Delver began the quest for the Orb.
     0 | D:5      | Reached XP level 1. HP: 19/19 MP: 0/0
    58 | D:5      | Reached skill level 1 in Armour
    58 | D:5      | Reached skill level 3 in Unarmed Combat
    58 | D:5      | Reached XP level 2. HP: 21/26 MP: 1/1
    58 | D:5      | Reached XP level 3. HP: 25/31 MP: 2/2
   134 | D:5      | Reached skill level 4 in Unarmed Combat
   134 | D:5      | Reached XP level 4. HP: 38/38 MP: 3/3
   160 | D:4      | Noticed an ice beast
   984 | D:1      | Found a faded altar of an unknown god.
  1905 | D:3      | Reached skill level 5 in Unarmed Combat
  1905 | D:3      | Reached XP level 5. HP: 38/45 MP: 4/4
  2231 | D:3      | Found an ornate altar of the Wu Jian Council.
  2302 | D:4      | Noticed Robin
  2441 | D:3      | Killed Robin
  2586 | D:3      | Reached skill level 6 in Unarmed Combat
  2586 | D:3      | Reached XP level 6. HP: 51/51 MP: 5/5
  3065 | D:4      | Reached skill level 7 in Unarmed Combat
  3159 | D:4      | Killed an ice beast
  3160 | D:4      | Reached XP level 7. HP: 57/57 MP: 6/6
  3448 | D:5      | Reached skill level 8 in Unarmed Combat
  3777 | D:5      | Found a stormy altar of Qazlal.
  3905 | D:5      | Noticed a troll
  3910 | D:5      | Killed a troll
  3911 | D:5      | Reached skill level 9 in Unarmed Combat
  4070 | D:6      | Reached XP level 8. HP: 66/66 MP: 7/7
  4227 | D:6      | Reached skill level 5 in Fighting
  4583 | D:6      | Reached skill level 10 in Unarmed Combat
  4621 | D:6      | Noticed Eustachio
  4630 | D:6      | Killed Eustachio
  4714 | D:6      | Found a staircase to the Ecumenical Temple.
  4785 | Temple   | Entered the Ecumenical Temple
  5103 | D:6      | Reached XP level 9. HP: 75/75 MP: 8/8
  5167 | D:6      | Found an iron altar of Okawaru.
  5171 | D:6      | Became a worshipper of Warmaster Okawaru
  5264 | D:6      | Found a snail-covered altar of Cheibriados.
  5414 | D:6      | Found a shimmering altar of Xom.
  5455 | D:6      | Reached skill level 11 in Unarmed Combat
  5733 | D:7      | Found a broken altar of Ashenzari.
  5928 | D:7      | Reached * piety under Okawaru
  5955 | D:7      | Reached skill level 12 in Unarmed Combat
  6177 | D:7      | Found a radiant altar of Vehumet.
  7192 | D:8      | Found a bloodstained altar of Trog.
  7585 | D:8      | Found a bloodstained altar of Trog.
  7629 | D:8      | Reached ** piety under Okawaru
  7630 | D:8      | Reached XP level 10. HP: 86/88 MP: 9/9
  7887 | D:9      | Noticed a cyclops
  8251 | D:8      | Reached skill level 13 in Unarmed Combat
  8326 | D:9      | Found a burning altar of Makhleb.
  8344 | D:9      | Noticed a two-headed ogre
  8350 | D:9      | Killed a two-headed ogre
  8368 | D:9      | Found Ymicam's Armour Shoppe.
  8386 | D:9      | Found a sparkling altar of Nemelex Xobeh.
  8386 | D:9      | Found an opulent altar of Gozag.
  8833 | D:9      | Reached *** piety under Okawaru
  8879 | D:10     | Entered Level 10 of the Dungeon
  8879 | D:10     | Noticed Maurice
  8882 | D:10     | Killed Maurice
  8893 | D:10     | Noticed Sonja
  8902 | D:10     | Killed Sonja
  8903 | D:10     | Reached skill level 14 in Unarmed Combat
  8943 | D:10     | Reached **** piety under Okawaru
  8943 | D:10     | Received a gift from Okawaru
  9217 | D:10     | Reached XP level 11. HP: 97/97 MP: 10/10
  9515 | D:11     | Noticed a centaur warrior
  9541 | D:11     | Noticed a boulder beetle
  9673 | D:11     | Found Somol's General Store.
  9696 | D:11     | Bought a scroll of teleportation for 42 gold pieces
  9708 | D:11     | Noticed a centaur warrior
  9712 | D:11     | Noticed a soul eater
  9713 | D:11     | Noticed a sixfirhy
  9721 | D:11     | HP: 3/97 [centaur/arrow (5)]
  9721 | D:11     | HP: 1/97 [centaur/arrow (2)]
  9725 | D:11     | Shot with an arrow by a centaur warrior

Illustrated notes

Levels and vault maps discovered:
D:1:      ldierk_water_garden, layout_basic, hellmonk_ecumenical_altar_run_dry,
          solitary_fountain, minmay_misc_feat_enclosed
D:2:      layout_loops_cross
D:3:      layout_rooms, lemuel_doored_altar, kennysheep_doodads
D:4:      layout_rooms, uniq_robin
D:5:      layout_basic, tso_oasis_becter, kennysheep_mini
D:6:      layout_loops_ring, marbit_many_paths, kennysheep_slug_shrine,
          xom_confusion_cloud, temple_doors_cd, uniq_eustachio
D:7:      layout_layer_cave, overflow_temple_1_default, evilmike_ruin_ashenzari
D:8:      layout_rooms, trog_three_pillars_becter, serial_aquarium,
          aquarium_bridge_square [aquarium_subvault_bridge,
          aquarium_subvault_wall, aquarium_subvault_window,
          aquarium_subvault_window], aquarium_window_corridor_3,
          aquarium_window_2, aquarium_window_1, aquarium_window_2,
          aquarium_view_2c, aquarium_view_2a, kennysheep_flooded_box,
          hangedman_ranch
D:9:      layout_basic, bloody_makhleb, grunt_temple_overflow_opulence,
          serial_shops, nicolae_shop_behind_doors
D:10:     layout_roguey, lightli_orcish_oven, uniq_maurice, uniq_sonja
D:11:     layout_big_octagon, gammafunk_ghost_hydra_chop, serial_shops,
          shop_coins, nicolae_shop_crystal, shop
Temple:   jpeg_temple_alley_garden

Skill      XL: |  1  2  3  4  5  6  7  8  9 10 |
---------------+-------------------------------+-----
Armour         | 1 2 |  2.0
Unarmed Combat | 3 4 5 6 7 9 10 12 14 | 14.4
Fighting       | 4 6 7 9 |  9.7
Dodging        | 3 |  3.5
Stealth        | |  5.4

Action                   |  1- 3 |  4- 6 |  7- 9 | 10-12 || total
-------------------------+-------+-------+-------+-------++-------
Melee: Unarmed           |    14 |   249 |   253 |    91 ||   607
       Punch             |       |     8 |    12 |    15 ||    35
Invok: Heroism           |       |       |       |     1 ||     1
Evoke: Wand              |       |     2 |     3 |     2 ||     7
  Use: Scroll            |       |     6 |     6 |     2 ||    14
       Potion            |       |     2 |     1 |     2 ||     5
 Stab: Sleeping          |       |     4 |     6 |     4 ||    14
       Distracted        |       |     2 |       |       ||     2
Armor: Ring mail         |    14 |   135 |   116 |    49 ||   314
Dodge: Dodged            |     9 |   134 |    95 |    64 ||   302

Table legend: (Time is in decaauts)
 A = Elapsed time spent in this place.
 B = Non-inter-level travel time spent in this place.
 C = Inter-level travel time spent in this place.
 D = Time resting spent in this place.
 E = Time spent auto-exploring this place.
 F = Levels seen in this place.
 G = Mean time per level.
                   A        B        C        D        E       F      G
               +--------+--------+--------+--------+--------+-----+--------+
         Total |   9632 |   9010 |    622 |   1242 |   6051 |  12 |  802.7 |
       Dungeon |   9401 |   8832 |    569 |   1242 |   5875 |  11 |  854.6 |
        Temple |    230 |    177 |     53 |      0 |    176 |   1 |  230.0 |
               +--------+--------+--------+--------+--------+-----+--------+

Top non-repeatable levels by time:
     D:7: 1486 daAuts
     D:6: 1370 daAuts
     D:8: 1131 daAuts
     D:3: 1051 daAuts
     D:1: 886 daAuts
     D:5: 808 daAuts
    D:10: 740 daAuts
     D:4: 651 daAuts
     D:2: 617 daAuts
     D:9: 565 daAuts
  Temple: 230 daAuts
    D:11: 92 daAuts
